 Dungeon Crawl Stone Soup version 0.24-a0-630-g0d56a851f4 (webtiles) character file.

Game seed: 14119639018871275261, levelgen mode: deterministic

1014 Ijustatesigmund the Chopper (level 8, -3/69 HPs)
             Began as a Minotaur Monk on Sept 20, 2019.
             Was an Elder of Cheibriados.
             Slain by a phantom (5 damage)
             ... on level 4 of the Dungeon.
             The game lasted 00:07:17 (2620 turns).

Ijustatesigmund the Chopper (Minotaur Monk)         Turns: 2620, Time: 00:07:17

Health: -3/69      AC:  5    Str: 24    XL:     8   Next: 1%
Magic:  2/3        EV: 15    Int: 16    God:    Cheibriados [****..]
Gold:   202        SH:  2    Dex: 25    Spells: 7/7 levels left

rFire    . . .     SeeInvis .   d - +9 flail of Irano {antimagic, Fragile rPois MR++}
rCold    . . .     Gourm    .   (no shield)
rNeg     . . .     Faith    .   b - +0 ring mail
rPois    +         Spirit   .   (helmet restricted)
rElec    .         Reflect  +   (no cloak)
rCorr    .         Harm     .   (no gloves)
MR       ++...                  (no boots)
Stlth    ++........             l - +2 amulet of reflection
HPRegen  0.21/turn              (no ring)
MPRegen  0.08/turn              (no ring)

@: very slow
A: retaliatory headbutt, horns 2
a: Bend Time, Temporal Distortion, Slouch, Renounce Religion


You were on level 4 of the Dungeon.
You worshipped Cheibriados.
Cheibriados was greatly pleased with you.
You were hungry.

You visited 1 branch of the dungeon, and saw 4 of its levels.

You collected 202 gold pieces.

Inventory:

Hand Weapons
 a - a +0 hand axe
 d - the +9 flail of Irano (weapon) {antimagic, Fragile rPois MR++}
   (You found it on level 4 of the Dungeon)

   It reduces the magical energy of the wielder, and disrupts the spells and
   magical abilities of those hit.
   Natural abilities and divine invocations are not affected.
   It protects you from poison.
   It affects your resistance to hostile enchantments.
   It will be destroyed if unequipped.
Missiles
 f - 2 boomerangs of dispersal (quivered)
Armour
 b - a +0 ring mail (worn)
Jewellery
 l - a +2 amulet of reflection (around neck)
Scrolls
 j - 2 scrolls of remove curse
 m - a scroll of immolation {unknown}
 n - 3 scrolls of noise
Potions
 e - 2 potions of lignification
 g - 3 potions of flight
 h - a potion of invisibility {unknown}
 i - a potion of magic {unknown}
 k - a potion of brilliance
 p - a potion of agility {unknown}
Comestibles
 c - 12 rations


   Skills:
 - Level 5.5 Fighting
 - Level 7.0(7.3) Axes
 + Level 2.9(5.3) Maces & Flails
 + Level 3.7 Armour
 + Level 4.9 Dodging
 - Level 1.5 Stealth
 + Level 4.0 Invocations


You had 7 spell levels left.
You didn't know any spells.
Your spell library was empty.

Dungeon Overview and Level Annotations

Branches:
Dungeon (4/15)
 Temple: D:4-7

Altars:
Cheibriados
Dithmenos
Elyvilon
Qazlal
Yredelemnul

Shops:
D:4 (


Innate Abilities, Weirdness & Mutations

You reflexively headbutt those who attack you in melee.
You have a pair of horns on your head.


Message History

You have reached level 8!
You feel agile.
With Pikel's spell broken, the former slaves thank you for their freedom.
The ball python bites the freed slave.
The ball python barely misses the freed slave.
The phantom barely misses the freed slave.
The freed slave barely misses the ball python.
The ball python barely misses you. The ball python closely misses you.
There is an open door here.
Okay, then.
As you read the scroll labeled RASI NIAFET, it crumbles to dust.
You hear a loud clanging noise!
It was a scroll of noise.
The freed slave closely misses the ball python.
The ball python closely misses you. You furiously retaliate!
You headbutt the ball python!
You kill the ball python!
Cheibriados thoroughly appreciates the change of pace.
The phantom hits you.
You die...

#.......#
#....#
#.....∩.#
#....#
#####'###
######
###+###......#
#...##
#.....#......#
#...'.
#.....#....>.#
##..##
#....p#......#
##..##
#.....#......#
#.....
+...p†@......#
#...##
##...W#......#
##..##
#..p)########
##..## #.....
#...#. #......
#...#.
#..p.##.
#...## #....#
.. #...##
#..... ..
#..... #.....
.. #.....


You could see a phantom and 4 neutral freed slaves.

Vanquished Creatures
  Pikel (D:4)
  2 ogres
  A crimson imp (D:4)
  A bullfrog skeleton (D:4)
  A hound skeleton (D:4)
  11 gnolls
  9 adders
  4 oozes
  4 worms (D:3)
  4 dart slugs
  3 leopard geckos
  8 orcs
  3 giant cockroaches
  5 goblins
  11 hobgoblins
  7 jackals
  A ball python (D:4)
  11 bats
  11 frilled lizards
  15 kobolds
  12 rats
125 creatures vanquished.

Notes
Turn   | Place    | Note
-------+----------+-------------------------------------------
     0 | D:1      | Ijustatesigmund the Minotaur Monk began the quest for the
                  | Orb.
     0 | D:1      | Reached XP level 1. HP: 19/19 MP: 0/0
    56 | D:1      | Reached skill level 4 in Axes
    65 | D:1      | Reached XP level 2. HP: 27/27 MP: 1/1
   226 | D:1      | Reached XP level 3. HP: 33/33 MP: 2/2
   596 | D:2      | Reached skill level 5 in Axes
   669 | D:2      | Reached XP level 4. HP: 34/41 MP: 3/3
   696 | D:2      | Found a white marble altar of Elyvilon.
   749 | D:2      | Found a stormy altar of Qazlal.
   806 | D:2      | Found a snail-covered altar of Cheibriados.
   815 | D:2      | Became a worshipper of Cheibriados the Contemplative
   815 | D:2      | Reached * piety under Cheibriados
   815 | D:2      | Reached ** piety under Cheibriados
   846 | D:2      | Found a basalt altar of Yredelemnul.
  1185 | D:3      | Reached skill level 6 in Axes
  1185 | D:3      | Reached XP level 5. HP: 43/47 MP: 4/4
  1199 | D:3      | Reached skill level 1 in Invocations
  1245 | D:3      | Reached skill level 5 in Fighting
  1296 | D:3      | Noticed an ogre
  1303 | D:3      | Reached *** piety under Cheibriados
  1996 | D:3      | Killed an ogre
  1996 | D:3      | Reached XP level 6. HP: 56/56 MP: 6/6
  2108 | D:3      | Reached skill level 7 in Axes
  2321 | D:4      | Reached **** piety under Cheibriados
  2324 | D:4      | Found a shadowy altar of Dithmenos.
  2351 | D:4      | Reached skill level 1 in Armour
  2442 | D:4      | Reached XP level 7. HP: 40/61 MP: 6/8
  2456 | D:4      | Got a crude flail
  2457 | D:4      | Identified the +9 flail of Irano {antimagic, Fragile rPois
                  | MR++} (You found it on level 4 of the Dungeon)
  2585 | D:4      | Found Mefon's Weapon Shop.
  2606 | D:4      | Noticed Pikel
  2617 | D:4      | HP: 1/61 [Pikel/+1 whip of electrocution (14)]
  2618 | D:4      | Killed Pikel
  2618 | D:4      | Reached XP level 8. HP: 1/69 MP: 2/10
  2620 | D:4      | Slain by a phantom

Levels and vault maps discovered:
D:1:      nagdon_arrival_zigzag_paths, layout_basic, grunt_decor_arrowhead
D:2:      layout_basic, nicolae_qazlal_general_emergency, lemuel_doored_altar,
          elyvilon_altar_3, lemuel_round_altar, first_ration
D:3:      minmay_thinvault, layout_basic
D:4:      layout_gridville, nicolae_dithmenos_the_darkroom, serial_shops, shop,
          uniq_pikel, uniq_robin

Skill      XL: |  1  2  3  4  5  6  7 |
---------------+----------------------+-----
Axes           | 4 5 6 7 |  7.0
Fighting       | 4 5 |  5.5
Invocations    | 2 4 |  4.0
Armour         | 1 3 |  3.7
Dodging        | 4 |  4.9
Maces & Flails | 2 |  2.9
Stealth        | |  1.5

Action                   |  1- 3 |  4- 6 |  7- 9 || total
-------------------------+-------+-------+-------++-------
Melee: Hand axe          |    74 |   137 |     3 ||   214
       Headbutt          |    12 |    48 |     3 ||    63
       Flail             |       |       |    15 ||    15
  Use: Scroll            |     3 |     8 |     1 ||    12
       Potion            |       |     1 |     1 ||     2
 Stab: Sleeping          |       |     3 |       ||     3
  Eat: Chunk             |       |     2 |       ||     2
Armor: Ring mail         |    13 |    43 |     9 ||    65
       Robe              |     1 |       |       ||     1
Dodge: Dodged            |    66 |   109 |    25 ||   200
Block: Other             |       |    11 |     3 ||    14

Table legend:
 A = Non-vault XP
 B = Vault XP
 C = Vault XP percentage of total XP
 D = Non-vault monster count
 E = Vault monster count
 F = Vault count percentage of total count
                 A         B        C        D         E       F
            +---------+---------+-------+---------+---------+-------
      Total |     749 |     700 |  48.3 |     103 |      22 |  17.6
            +---------+---------+-------+---------+---------+-------
        D:1 |      57 |       0 |   0.0 |      32 |       0 |   0.0
        D:2 |      94 |       0 |   0.0 |      24 |       0 |   0.0
        D:3 |     309 |      71 |  18.7 |      34 |      21 |  38.2
        D:4 |     289 |     629 |  68.5 |      13 |       1 |   7.1
            +---------+---------+-------+---------+---------+-------
